 Dungeon Crawl Stone Soup version 0.16.2-2-g470672f (webtiles) character file.

126 dvd the Sneak (level 4, -5/21 HPs)
             Began as a Spriggan Enchanter on Aug 29, 2015.
             Killed by divine providence
             ... invoked by an orc priest
              (9 damage)
             ... on level 3 of the Dungeon.
             The game lasted 00:18:02 (2195 turns).

dvd the Sneak (Spriggan Enchanter)                  Turns: 2195, Time: 00:18:02

Health: -5/21      AC:  4    Str:  4    XL:     4   Next: 84%
Magic:  1/13       EV: 19    Int: 17    God:
Gold:   153        SH:  0    Dex: 16    Spells: 4 memorised, 1 level left

rFire  . . .     SeeInvis +     j - +2 dagger (speed)
rCold  . . .     Clarity  .     b - +1 robe
rNeg   . . .     SustAb   .     (shield restricted)
rPois  .         Gourm    .     (helmet restricted)
rElec  .         Spirit   .     a - +0 cloak
rCorr  .         Warding  .     (gloves unavailable)
rMut   .         Stasis   .     (boots unavailable)
MR     .....                    (no amulet)
Stlth  +++.......               (no ring)
                                p - ring of loudness (curse)

@: very quick, not resistant to hostile enchantments, fairly stealthy
A: unfitting armour, see invisible, herbivore 3, speed 3, slow metabolism 2
a: no special abilities


You were on level 3 of the Dungeon.
You were not hungry.

You visited 1 branch of the dungeon, and saw 3 of its levels.

You collected 153 gold pieces.

Inventory:

Hand weapons
 g - a +0 short sword
 j - a +2 dagger of speed (weapon)
Armour
 a - a +0 cloak (worn)
 b - a +1 robe (worn)
Jewellery
 p - a cursed ring of loudness (left hand)
Magical devices
 e - a wand of slowing (19)
Scrolls
 f - a scroll of identify
 i - 4 scrolls of immolation
Potions
 h - a potion of mutation
 m - a potion of poison {unknown}
 n - a potion of curing {unknown}
 o - 2 potions of restore abilities {unknown}
 q - a potion of ambrosia {unknown}
Books
 c - a book of Maledictions

   Spells                             Type                      Level
   a - Corona                         Hexes                        1
   b - Sure Blade                     Hexes/Charms                 2
   c - Ensorcelled Hibernation        Hexes/Ice                    2
   d - Confuse                        Hexes                        3
   e - Dazzling Spray                 Conjuration/Hexes            3
   f - Enslavement                    Hexes                        4
Comestibles
 d - a bread ration
 k - 3 fruits
 l - a slice of pizza


   Skills:
 + Level 0.2 Fighting
 + Level 1.4 Short Blades
 + Level 3.7 Dodging
 + Level 6.0 Stealth
 + Level 3.4 Spellcasting
 + Level 4.3 Hexes
 + Level 1.2 Ice Magic


You had one spell level left.
You knew the following spells:

 Your Spells              Type           Power        Failure   Level  Hunger
a - Corona                Hex            ###....      2%          1    None
b - Ensorcelled Hibernat  Hex/Ice        ##....       10%         2    ##.....
c - Sure Blade            Hex/Chrm       ##........   12%         2    ##.....
d - Confuse               Hex            ###.....     10%         3    ###....


Dungeon Overview and Level Annotations

Branches:
Dungeon (3/15)

Altars:
Makhleb


Innate Abilities, Weirdness & Mutations

You are tiny and cannot use many weapons and most armour.
You have supernaturally acute eyesight.
You are a herbivore.
You cover ground extremely quickly.
You need consume almost no food.


Message History

The orc is moderately wounded.
The orc hits you with a club.
* * * LOW HITPOINT WARNING * * *
You barely miss the orc.
The orc is moderately wounded.
Casting: Ensorcelled Hibernation
Confirm with . or Enter, or press ? or * to list all spells.
Aiming: Ensorcelled Hibernation
Press: ? - help, Shift-Dir - straight line, f/p - orc
Aim: an orc, wielding a club and wearing a scale mail (moderately wounded, chance 61%)
The orc looks drowsy...
The helpless orc fails to defend itself.
You impale the orc!!
You kill the orc!
An orc priest comes into view. It is wielding a hand axe.
The orc priest mumbles some strange prayers to Beogh.
You feel a wave of unholy energy pass over you.
The orc priest calls down the wrath of Beogh upon you.
Something smites you!
You die...

*,,,,o..,,***,* *,**
*,,**#)#*,***,*******,**
*,,* #.#*,,..,,,,,,,,,,,
**********,,*
#r#*##....,*****,**
*,,,,,,,,,,,* #o#
#......,,,,,,*
*,*********,*
#.#*#......*******
,,,,,,,,,,,,*
#.##......#*
*************
#.#.#.#..#* #.@......#
######.#.#.##
#.........#*
######.######.##
#......# ### #.######
#.# #.# #######.#


You could see an orc priest and a rat.

Vanquished Creatures
  An orc wizard (D:3)
  An adder (D:2)
  4 gnolls (D:2)
  2 giant geckos (D:1)
  6 orcs (D:3)
  2 giant cockroaches (D:1)
  4 hobgoblins
  A ball python (D:1)
  9 bats
  3 giant newts
  9 goblins
  7 kobolds
  4 rats
53 creatures vanquished.

Vanquished Creatures (others)
  A kobold (D:1)
1 creature vanquished.

Grand Total: 54 creatures vanquished

Notes
Turn   | Place    | Note
--------------------------------------------------------------
     0 | D:1      | dvd, the Spriggan Enchanter, began the quest for the Orb.
     0 | D:1      | Reached XP level 1. HP: 9/9 MP: 4/4
   370 | D:1      | Reached XP level 2. HP: 13/13 MP: 5/7
   374 | D:1      | Learned a level 2 spell: Ensorcelled Hibernation
   377 | D:1      | Learned a level 2 spell: Sure Blade
   950 | D:1      | Reached XP level 3. HP: 14/16 MP: 7/10
  1076 | D:2      | Found a burning altar of Makhleb.
  1250 | D:2      | Reached skill level 5 in Stealth
  1474 | D:2      | Learned a level 3 spell: Confuse
  1579 | D:2      | Reached skill level 1 in Ice Magic
  1579 | D:2      | Reached XP level 4. HP: 17/21 MP: 5/13
  2006 | D:3      | Reached skill level 6 in Stealth
  2195 | D:3      | Killed from afar by an orc priest

Action                   |  1- 3 |  4- 6 || total
-------------------------+-------+-------++-------
Melee: Dagger            |    65 |    21 ||    86
 Cast: Corona            |     8 |       ||     8
       Ensorcelled Hiber |    24 |    14 ||    38
       Confuse           |       |     1 ||     1
  Use: Scroll            |       |     5 ||     5
 Stab: Sleeping          |    27 |    13 ||    40
       Confused          |       |     1 ||     1
  Eat: Fruit             |       |     1 ||     1
